 Dungeon Crawl Stone Soup version 0.31-a0-977-gc230f8ef24 (webtiles) character file.

Game seed: 11139717514768518985

15 timneilson the Ruffian (level 2, -6/21 HPs)
             Began as a Human Shapeshifter on Oct 29, 2023.
             Mangled by a worm (11 damage)
             ... on level 1 of the Dungeon.
             The game lasted 00:01:24 (368 turns).

timneilson the Ruffian (Human Shapeshifter)          Turns: 368, Time: 00:01:25

Health: -6/21      AC:  2    Str: 14    XL:     2   Next: 65%
Magic:  2/2        EV: 12    Int: 10    God:
Gold:   23         SH:  0    Dex: 12    Spells: 1/1 levels left

rFire   . .          .
                       - Unarmed
rCold   . . .        (no shield)
rNeg    . . .        a - +0 animal skin
rPois   .            (helmet currently unavailable)
rElec   .            (cloak currently unavailable)
rCorr   .            (gloves currently unavailable)
SInv    .            (boots currently unavailable)
Will    .....        (no amulet)
Stlth   +            (no ring)
HPRegen 0.23/turn    (no ring)
MPRegen 0.08/turn

%: no passive effects
@: beast-form
A: beast (slay +1)
a: Begin Untransformation


You were on level 1 of the Dungeon.
You were a hulking beast.
You visited 1 branch of the dungeon, and saw 1 of its levels.

You collected 23 gold pieces.

Inventory:

Armour
 a - a +0 animal skin (worn)
 g - a +2 helmet
Talismans
 c - a beast talisman
 d - a flux talisman
Scrolls
 e - a scroll of revelation {unknown}
 f - 2 scrolls of vulnerability {unknown}
Potions
 b - a potion of lignification


   Skills:
 * Level 1.3 Fighting
 + Level 0.2 Armour
 + Level 2.1 Dodging
 + Level 0.6 Stealth
 * Level 3.1 Unarmed Combat
 + Level 0.1 Spellcasting
 * Level 3.1 Shapeshifting


You had one spell level left.
You didn't know any spells.
Your spell library was empty.

Dungeon Overview and Level Annotations

Branches:
Dungeon (1/15)

Altars:


Message History

The bat hits you but does no damage.
You miss the bat. Your punch misses the bat.
The bat is moderately wounded.
The bat hits you but does no damage.
You hit the bat.
You kill the bat!
You now have 11 gold pieces (gained 2).
You now have 23 gold pieces (gained 12).
A worm comes into view.
Found a stone staircase leading down.
You barely miss the worm. You punch the worm.
The worm is lightly wounded.
The worm closely misses you.
You punch the worm!
The worm is moderately wounded.
You barely miss the worm. Your punch misses the worm.
The worm is moderately wounded.
The worm completely misses you.
You barely miss the worm.
The worm is moderately wounded.
The worm bites you.
You hit the worm.
The worm is heavily wounded.
You barely miss the worm.
The worm is heavily wounded.
The worm completely misses you.
You hit the worm.
The worm is heavily wounded.
You hit the worm.
The worm is severely wounded.
The worm bites you!
Ouch! That really hurt!
* * * LOW HITPOINT WARNING * * *
You hit the worm.
The worm is almost dead.
You barely miss the worm.
The worm is almost dead.
The worm bites you!
Ouch! That really hurt!
You die...

#. #.# #.#######+####
#............#
#............#
#............#
######............######
....##..................
###.##.#########h.#####
.##......# #...w.#
.....#.#.# #....^.^#
.....#.#+# #.........#
.#...#........^......#
.#...#............>....
...........#.........#..
.#.#...#+###...^.....###
..........


You could see a worm.

Vanquished Creatures
  A dart slug (D:1)
  A ball python (D:1)
  A bat (D:1)
  An endoplasm (D:1)
  2 hobgoblins (D:1)
  A quokka (D:1)
  2 frilled lizards (D:1)
  2 kobolds (D:1)
  A rat (D:1)
12 creatures vanquished.

Notes
Turn   | Place    | Note
-------+----------+-------------------------------------------
     0 | D:1      | timneilson the Human Shapeshifter began the quest for the
                  | Orb.
     0 | D:1      | Reached XP level 1. HP: 15/15 MP: 1/1
     6 | D:1      | Noticed a basilisk
     6 | D:1      | Noticed a tyrant leech
     6 | D:1      | Noticed an imperial myrmidon
     7 | D:1      | Noticed a stone giant
    95 | D:1      | Reached XP level 2. HP: 17/21 MP: 2/2
   368 | D:1      | Mangled by a worm

Illustrated notes

Levels and vault maps discovered:
D:1:      onia_arrival_zoo_common, layout_basic, solitary_fountain,
          ebering_dispersal_statue_hall, nrook_mini_backslash, nicolae_wormholes

Action                     || total
---------------------------++-------
  Melee: Unarmed           ||    40
         Punch             ||     3
   Stab: Sleeping          ||     1
 Armour: Animal skin       ||    19
  Dodge: Dodged            ||    13

Table legend: (Time is in decaauts)
 A = Elapsed time spent in this place.
 B = Non-inter-level travel time spent in this place.
 C = Inter-level travel time spent in this place.
 D = Time resting spent in this place.
 E = Time spent auto-exploring this place.
 F = Levels seen in this place.
 G = Mean time per level.
                   A        B        C        D        E       F      G
               +--------+--------+--------+--------+--------+-----+--------+
         Total |    365 |    365 |      0 |     32 |    158 |   1 |  365.0 |
       Dungeon |    365 |    365 |      0 |     32 |    158 |   1 |  365.0 |
               +--------+--------+--------+--------+--------+-----+--------+

Top non-repeatable levels by time:
     D:1: 365 daAuts
